 Dungeon Crawl Stone Soup version 0.27-a0-277-g024f7ef292 (webtiles) character file.

Game seed: 14079451650666462505

27 Borgoz the Slasher (level 3, -1/30 HPs)
             Began as a Ghoul Gladiator on Feb 5, 2021.
             Slain by a gnoll
             ... wielding a +0 flail
              (8 damage)
             ... on level 2 of the Dungeon.
             The game lasted 00:00:48 (1054 turns).

Borgoz the Slasher (Ghoul Gladiator)                Turns: 1054, Time: 00:00:49

Health: -1/30      AC:  4    Str: 17    XL:     3   Next: 10%
Magic:  2/2        EV: 12    Int:  3    God:
Gold:   126        SH:  0    Dex: 11    Spells: 2/2 levels left

rFire    . . .     SeeInvis .   a - +0 long sword
rCold    + . .     Faith    .   (no shield)
rNeg     + + +     Spirit   .   b - +0 leather armour
rPois    ∞         Reflect  .   c - +0 helmet
rElec    .         Harm     .   (no cloak)
rCorr    .         Rampage  .   (no gloves)
Will     .....                  (no boots)
Stlth    +.........             (no amulet)
HPRegen  0.00/turn              (no ring)
MPRegen  0.08/turn              (no ring)

@: no status effects
A: claws 1, cold resistance 1, negative energy resistance 3, inhibited
regeneration, torment resistance, unbreathing
a: no special abilities


You were on level 2 of the Dungeon.
You visited 1 branch of the dungeon, and saw 2 of its levels.

You collected 126 gold pieces.

Inventory:

Hand Weapons
 a - a +0 long sword (weapon)
Missiles
 d - 3 throwing nets (quivered)
Armour
 b - a +0 leather armour (worn)
 c - a +0 helmet (worn)
Scrolls
 f - a scroll of identify {unknown}
 g - a scroll of enchant armour {unknown}
 j - a scroll of remove curse {unknown}
Potions
 e - 2 potions of might {unknown}
 h - 2 potions of curing {unknown}
 i - a potion of haste {unknown}
 k - a potion of magic {unknown}


   Skills:
 + Level 2.7 Fighting
 + Level 3.0 Long Blades
 - Level 1.7 Throwing
 + Level 1.0 Armour
 + Level 3.0 Dodging


You had 2 spell levels left.
You didn't know any spells.
Your spell library was empty.

Dungeon Overview and Level Annotations

Branches:
Dungeon (2/15)

Altars:


Innate Abilities, Weirdness & Mutations

You thrive by killing the living.
You are immune to poison.
You have sharp fingernails.
Your flesh is cold resistant. (rC+)
You are immune to negative energy. (rN+++)
You do not regenerate when monsters are visible.
You are immune to unholy pain and torment.
You can survive without breathing.


Message History

The frilled lizard is heavily wounded.
The gnoll hits you from afar with a +0 spear.
The frilled lizard barely misses you.
You riposte.
You hit the frilled lizard.
You kill the frilled lizard!
You hit the gnoll.
The gnoll is heavily wounded.
The gnoll barely misses you.
You riposte.
You closely miss the gnoll.
The gnoll is heavily wounded.
The gnoll hits you with a +0 flail.
You barely miss the gnoll.
The gnoll is heavily wounded.
The gnoll closely misses you. The gnoll hits you with a +0 flail!
The gnoll misses you.
You see here a frilled lizard corpse.
The gnoll hits you with a +0 flail!
* * * LOW HITPOINT WARNING * * *
The gnoll hits you from afar with a +0 spear.
* * * LOW HITPOINT WARNING * * *
The gnoll hits you with a +0 flail!
You die...

#.#.# #........####....
#.#.###.#####g.........
#.#.##..# #l.....[...
#.#.##..# #..#.......
#.#.##..# #..####(..#
#.#.##..#####..# ...
#.#†##....gg...# ..
#.#.#...##.g##.# #
#.).......†@##.#
######.#######.# #.#
#.# #.# #.# ... .# #.#
#.# #.. ..#


You could see 3 gnolls.

Vanquished Creatures
  A gnoll (D:2)
  2 dart slugs
  A giant cockroach (D:1)
  2 ball pythons
  3 bats
  2 frilled lizards
  2 kobolds (D:1)
  3 rats (D:1)
16 creatures vanquished.

Notes
Turn   | Place    | Note
-------+----------+-------------------------------------------
     0 | D:1      | Borgoz the Ghoul Gladiator began the quest for the Orb.
     0 | D:1      | Reached XP level 1. HP: 17/17 MP: 0/0
   342 | D:1      | Reached XP level 2. HP: 25/25 MP: 1/1
   806 | D:2      | Reached skill level 1 in Armour
   806 | D:2      | Reached XP level 3. HP: 11/30 MP: 2/2
  1054 | D:2      | Slain by a gnoll

Illustrated notes

Levels and vault maps discovered:
D:1:      erik_arrival_cave_to_civilisation [erik_arrival_cave_to_hall],
          layout_basic, nrook_campfire
D:2:      layout_loops_ring, uniq_crazy_yiuf_cottage, uniq_terence

Skill      XL: |  1  2 |
---------------+-------+-----
Long Blades    | 3 |  3.0
Armour         | 1 |  1.0
Dodging        | 3 |  3.0
Fighting       | |  2.7
Throwing       | |  1.7

Action                   || total
-------------------------++-------
Melee: Long sword        ||    34
Armor: Leather armour    ||     5
Dodge: Dodged            ||    38
       Rpst.: Long sword ||    16

Table legend: (Time is in decaauts)
 A = Elapsed time spent in this place.
 B = Non-inter-level travel time spent in this place.
 C = Inter-level travel time spent in this place.
 D = Time resting spent in this place.
 E = Time spent auto-exploring this place.
 F = Levels seen in this place.
 G = Mean time per level.
                   A        B        C        D        E       F      G
               +--------+--------+--------+--------+--------+-----+--------+
         Total |   1063 |   1018 |     45 |    222 |    671 |   2 |  531.5 |
       Dungeon |   1063 |   1018 |     45 |    222 |    671 |   2 |  531.5 |
               +--------+--------+--------+--------+--------+-----+--------+

Top non-repeatable levels by time:
     D:1: 965 daAuts
     D:2: 98 daAuts
